[Event "WSTCC-65 2024"]
[Site "Krakow"]
[Date "2024.07.07"]
[Round "6.7"]
[White "Legky, Nikolay A"]
[Black "Lanc, Alois"]
[Result "1/2-1/2"]
[ECO "E90"]
[WhiteElo "2339"]
[BlackElo "2256"]
[Annotator "TA"]
[PlyCount "62"]
[EventDate "2024.07.01"]
[EventType "team-tourn"]
[EventCountry "POL"]
[SourceTitle "playchess.com"]
[Source "ChessBase"]
[SourceQuality "1"]
[TimeControl "40/5400+30:1800+30"]

1. d4 Nf6 2. c4 g6 3. Nc3 Bg7 4. e4 d6 5. Nf3 O-O 6. h3 e5 7. d5 Nh5 8. Nh2 a5 9. g3 Na6 10. Be3 Nc5 11. Ng4 Kh8 12. Be2 (12. Bxc5 $11 dxc5 13. Ne3) 12... f5 $15 13. exf5 gxf5 14. Nxe5 Nxg3 $17 15. fxg3 Bxe5 16. Bf2 (16. Qd2 $17 {was called for.}) 16... Qf6 $19 {[%emt 0:06:23] [#] Strongly threatening ...f4.} 17. Qd2 Ne4 $2 (17... f4 $19 {is more deadly.} 18. g4 a4 (18... f3 $2 19. Bd3 $19)) 18. Nxe4 $17 fxe4 19. O-O-O Bxb2+ 20. Qxb2 Qxb2+ 21. Kxb2 Rxf2 22. Rde1 Kg7 23. Kc3 Rg2 24. g4 Rg3+ 25. Kd4 Bd7 {[%emt 0:00:40] Threatens to win with ...c5+.} 26. Bd1 {[%emt 0:00:47] [#]} (26. Rb1 $15) 26... c5+ ({Black should play} 26... Rd3+ $1 $17 27. Kxe4 Rxh3) 27. dxc6 $1 $15 Bxc6 (27... bxc6 $17 {And now ...Re8 would win.} 28. Kxe4 Rf8) 28. Re3 $11 Rxe3 29. Kxe3 b5 {[%emt 0:00:28] The position is equal.} 30. cxb5 Bxb5 31. Bb3 Rc8 {[%emt 0:03:27] Weighted Error Value: White=0.26 (precise) /Black=0.31.  Missed win:     	---       	Black=1      Mistake:       	White=4     	Black=2      Inaccurate:     	White=2     	---        OK:         	White=9     	Black=8      Best:        	White=1     	Black=2      Strong:       	White=1     	---} 1/2-1/2

[Event "WSTCC-65 2024"]
[Site "Krakow"]
[Date "2024.07.07"]
[Round "6.7"]
[White "Wenner, Tobias"]
[Black "Glaessl, Matthias"]
[Result "1-0"]
[ECO "A05"]
[WhiteElo "2090"]
[BlackElo "2196"]
[Annotator "RC"]
[PlyCount "85"]
[EventDate "2024.07.01"]
[EventType "team-tourn"]
[EventCountry "POL"]
[SourceTitle "playchess.com"]
[Source "ChessBase"]
[SourceQuality "1"]
[TimeControl "40/5400+30:1800+30"]

1. Nf3 Nf6 2. c4 b6 3. g3 Bb7 4. Bg2 g6 5. d4 Bg7 6. O-O O-O 7. Nc3 Ne4 8. Bd2 d6 9. Nxe4 Bxe4 10. Bc3 Nd7 11. Rc1 a5 12. b3 e6 13. d5 e5 14. Nxe5 Bxe5 15. Bxe4 Bxc3 16. Rxc3 f5 17. Bg2 Qf6 18. Re3 Rae8 19. Rxe8 Rxe8 20. Qd2 Nc5 21. e3 Ne4 22. Qc2 h5 23. h4 Re7 24. Bxe4 fxe4 25. Qe2 Qe5 26. Kg2 Rf7 27. f4 Qf5 28. Rd1 Re7 29. Rd4 Qg4 30. Qxg4 hxg4 31. Rd1 Kf7 32. Rh1 Kf6 33. h5 g5 34. Kf2 Rh7 35. Ke2 Rh6 36. Kd2 Rh7 37. h6 Kg6 38. Kc3 gxf4 39. exf4 e3 40. Kd3 e2 41. Kxe2 Re7+ 42. Kd2 Rh7 43. Re1 1-0

[Event "WSTCC-65 2024"]
[Site "Krakow"]
[Date "2024.07.07"]
[Round "6.7"]
[White "Karnaukh, Anatolij"]
[Black "Ungure, Liga"]
[Result "1/2-1/2"]
[ECO "A02"]
[WhiteElo "1970"]
[BlackElo "1970"]
[Annotator "NA RC"]
[PlyCount "52"]
[EventDate "2024.07.01"]
[EventType "team-tourn"]
[EventCountry "POL"]
[SourceTitle "playchess.com"]
[Source "ChessBase"]
[SourceQuality "1"]
[TimeControl "40/5400+30:1800+30"]

1. f4 Nf6 2. Nf3 g6 3. g3 d5 4. Bg2 Bg7 5. O-O c5 6. d3 O-O 7. Qe1 d4 8. h3 Nc6 9. Qf2 Nd5 10. Bd2 Ne3 11. Rc1 Qb6 12. b3 Nb4 13. Ne1 Be6 14. c4 a5 15. a4 Nc6 16. Na3 Nxg2 17. Qxg2 Nb4 18. Nb5 Bd7 19. Kh2 e5 20. fxe5 Bxe5 21. Nf3 Bg7 22. Bf4 Bxb5 23. axb5 Rae8 24. g4 f5 25. g5 Qe6 26. Ng1 Be5 1/2-1/2

[Event "WSTCC-65 2024"]
[Site "Krakow"]
[Date "2024.07.07"]
[Round "6.8"]
[White "Petran, Peter"]
[Black "Roos, Louis"]
[Result "0-1"]
[ECO "A00"]
[WhiteElo "2195"]
[BlackElo "2288"]
[Annotator "TA"]
[PlyCount "74"]
[EventDate "2024.07.01"]
[EventType "team-tourn"]
[EventCountry "POL"]
[SourceTitle "playchess.com"]
[Source "ChessBase"]
[SourceQuality "1"]
[TimeControl "40/5400+30:1800+30"]

1. g3 e5 2. c4 Nf6 3. Bg2 Nc6 4. Nc3 Bb4 5. Nd5 O-O 6. Nxb4 Nxb4 7. d3 Re8 8. a3 {[%emt 0:04:54] White has an edge.} Nc6 9. b4 d5 10. cxd5 Nxd5 11. Bb2 a5 12. bxa5 Rxa5 13. Nf3 Nd4 14. O-O Bg4 15. Re1 Nb6 (15... c5 $11) 16. Bc3 Ra7 17. a4 (17. Nxd4 {simplifies} exd4 18. Bd2 Nd7 19. a4) 17... Nd5 18. Bb2 {[%emt 0:03:33][%cal Of3e5] [#] Nxe5! would now be deadly. A strong pair of Bishops.} c5 19. Nd2 (19. Nxd4 $11 cxd4 20. Qd2) 19... Nb4 $15 {[%emt 0:01:01] Hoping for ...Nxd3.} 20. Bxd4 exd4 21. Bf3 ({White should try} 21. Nb3 $15) 21... Bxf3 $17 22. Nxf3 Nd5 {[%emt 0:02:25] Black is much more active.} (22... h6 $17 23. Qb3 b6) 23. Qb3 (23. Qc1 $1 $11 Ra5 24. Nd2) 23... b6 24. Qc4 (24. Nd2 $142) 24... Qa8 25. a5 (25. Nh4 $17 {is a better defense.}) 25... Nc3 $19 ({Inferior is} 25... bxa5 26. Qxc5 a4 27. Nxd4 $14 (27. Qxd4 a3 $11)) 26. e4 (26. Kg2 $142) 26... Rxa5 ({And not} 26... bxa5 27. Qxc5 a4 28. Nxd4 $14 (28. Qxd4 Rc7 $14)) 27. Rxa5 Qxa5 28. Kg2 Qa3 {[%emt 0:03:47] [#] And now ...b5 would win.} 29. Ng5 $2 (29. Nd2 {was the crucial defense.}) 29... Rf8 30. Ne6 fxe6 31. Qxe6+ Kh8 32. Qxb6 (32. Qd6 $142 Qa8 33. Rf1) 32... Qa2 33. Rf1 Qe2 34. Qxc5 Qf3+ 35. Kh3 Ne2 36. Kh4 h6 {[%emt 0:00:13] ( -> ...g5+)} 37. g4 g5+ {[%emt 0:00:32] Weighted Error Value: White=0.86/Black=0.13 (very precise) .  Mistake:       	White=8     	Black=2      Inaccurate:     	White=2     	Black=1      OK:         	White=4     	Black=9      Best:        	White=2     	Black=5} 0-1

[Event "WSTCC-65 2024"]
[Site "Krakow"]
[Date "2024.07.07"]
[Round "6.8"]
[White "Schulz, Michael"]
[Black "Staub, Gerhard"]
[Result "0-1"]
[ECO "D00"]
[WhiteElo "2109"]
[BlackElo "2089"]
[Annotator "RC"]
[PlyCount "50"]
[EventDate "2024.07.01"]
[EventType "team-tourn"]
[EventCountry "POL"]
[SourceTitle "playchess.com"]
[Source "ChessBase"]
[SourceQuality "1"]
[TimeControl "40/5400+30:1800+30"]

1. d4 d5 2. Bf4 Nf6 3. e3 Bf5 4. c4 c6 5. Nc3 e6 6. Qb3 Qb6 7. c5 Qxb3 8. axb3 Nbd7 9. b4 Ne4 10. Nge2 f6 11. f3 Nxc3 12. Nxc3 e5 13. Bg3 Be7 14. b5 O-O 15. Kd2 Bxc5 16. dxc5 Nxc5 17. Ra3 a6 18. b4 axb5 19. Rxa8 Nb3+ 20. Ke2 Rxa8 21. Be1 d4 22. exd4 exd4 23. Ne4 Ra2+ 24. Kd3 b6 25. g4 c5 0-1

[Event "WSTCC-65 2024"]
[Site "Krakow"]
[Date "2024.07.07"]
[Round "6.8"]
[White "Priedite, Ingrida"]
[Black "Malienko, Alexander"]
[Result "1/2-1/2"]
[ECO "A20"]
[WhiteElo "2044"]
[BlackElo "1904"]
[Annotator "RC"]
[PlyCount "92"]
[EventDate "2024.07.01"]
[EventType "team-tourn"]
[EventCountry "POL"]
[SourceTitle "playchess.com"]
[Source "ChessBase"]
[SourceQuality "1"]
[TimeControl "40/5400+30:1800+30"]

1. c4 e5 2. g3 Nf6 3. Bg2 d5 4. cxd5 Nxd5 5. Nc3 Nb6 6. e3 Be7 7. Nge2 O-O 8. f4 N8d7 9. O-O f5 10. fxe5 Nxe5 11. d4 Nec4 12. b3 Nd6 13. Nf4 c6 14. Bb2 Bf6 15. Qc2 Qe7 16. Rae1 Re8 17. d5 c5 18. Nd1 c4 19. Bxf6 Qxf6 20. Nb2 Bd7 21. bxc4 Nbxc4 22. Nxc4 Rec8 23. Qb2 Rxc4 24. Qxf6 gxf6 25. Rf2 Rac8 26. Rb2 Rc2 27. Reb1 R8c3 28. Rxc2 Rxc2 29. Ne6 Bc8 30. a4 Kf7 31. Nd4 Ra2 32. Nb5 Nxb5 33. axb5 Ke7 34. Rc1 Kd8 35. d6 Rd2 36. Rc7 Rxd6 37. Rxh7 Rd7 38. Rh8+ Kc7 39. h4 Rg7 40. Kf2 Bd7 41. Bf1 Kb6 42. Rf8 Bxb5 43. Bxb5 Kxb5 44. Rxf6 a5 45. Rxf5+ Kb4 46. h5 a4 1/2-1/2

[Event "WSTCC-65 2024"]
[Site "Krakow"]
[Date "2024.07.07"]
[Round "6.9"]
[White "Garcia Palermo, Carlos Horacio"]
[Black "Maier, Christian"]
[Result "1-0"]
[ECO "D11"]
[WhiteElo "2419"]
[BlackElo "2252"]
[Annotator "TA"]
[PlyCount "47"]
[EventDate "2024.07.01"]
[EventType "team-tourn"]
[EventCountry "POL"]
[SourceTitle "playchess.com"]
[Source "ChessBase"]
[SourceQuality "1"]
[TimeControl "40/5400+30:1800+30"]

1. d4 d5 2. Nf3 Nf6 3. c4 c6 4. e3 e6 5. b3 Nbd7 6. Bb2 Bd6 7. Nbd2 Qe7 8. Ne5 O-O 9. Bd3 Ba3 {[%emt 0:05:23] White has an edge.} 10. Bxa3 Qxa3 11. Qc2 Nxe5 12. dxe5 Ng4 13. Bxh7+ Kh8 14. O-O {[%emt 0:00:19] Strongly threatening Nf3.} Nxe5 15. Qc3 Kxh7 16. Qxe5 Kg8 17. e4 f6 18. Qg3 dxe4 19. Nxe4 e5 20. Rad1 {[%emt 0:01:19] [#] Rd6 would now be deadly. White is more active.} Bf5 $1 21. Nd6 $36 {[%emt 0:01:05][%mdl 2048] White is more active.} Bc2 22. Rd2 {[%emt 0:00:31] aiming for c5.} Rad8 $2 (22... Qb4 $1 $14 23. Qe3 (23. Rxc2 Qxd6 24. c5 Qd7 $15) 23... a5) 23. c5 $18 Qxc5 $2 {[%emt 0:00:46] [#]} (23... Rxd6 24. cxd6 Bf5) 24. Nxb7 {[%emt 0:01:16] Weighted Error Value: White=0.10 (very precise) /Black=0.36.  Loses game:     	---       	Black=1      Mistake:       	---       	Black=1      Inaccurate:     	White=1     	Black=2      OK:         	White=6     	Black=5      Best:        	White=2     	---        Strong:       	---       	Black=1} 1-0

[Event "WSTCC-65 2024"]
[Site "Krakow"]
[Date "2024.07.07"]
[Round "6.9"]
[White "Renman, Nils-Gustaf"]
[Black "Wallace, John Paul"]
[Result "1/2-1/2"]
[ECO "A70"]
[WhiteElo "2314"]
[BlackElo "2369"]
[Annotator "TA"]
[PlyCount "100"]
[EventDate "2024.07.01"]
[EventType "team-tourn"]
[EventCountry "POL"]
[SourceTitle "playchess.com"]
[Source "ChessBase"]
[SourceQuality "1"]
[TimeControl "40/5400+30:1800+30"]

1. d4 Nf6 2. c4 c5 3. d5 e6 4. Nc3 exd5 5. cxd5 d6 6. e4 g6 7. Nf3 Bg7 8. Nd2 O-O 9. Be2 a6 10. a4 Nbd7 11. O-O Re8 12. Re1 Rb8 13. Qc2 Nh5 14. Bxh5 gxh5 15. Nc4 {[%emt 0:04:33] The position is equal.} Ne5 16. Nxe5 Bxe5 17. f4 Bd4+ 18. Be3 Qf6 19. Bxd4 cxd4 20. Ne2 Bg4 21. Qd3 Bxe2 22. Rxe2 Qxf4 23. Rf1 $1 (23. Qxd4 Rbc8 $11) 23... Qh6 24. Qxd4 {[%emt 0:00:54] White has more active pieces.} Re5 ({Better is} 24... Rbc8) 25. Ref2 Rbe8 26. Rf6 Qg7 (26... Rxe4 $2 27. Qxe4 (27. Rxh6 Rxd4 28. Rxd6 Rd2 $11) 27... Rxe4 28. Rxh6 $18) 27. Rxf7 Qxf7 28. Rxf7 Kxf7 $16 {[%emt 0:00:05][%mdl 4096] Endgame. KQ-KRR} 29. Qb6 R8e7 30. Qxd6 {[%emt 0:00:23] Threatens to win with Qh6.} Rxe4 31. h3 Rd4 32. Kf2 ({White should try} 32. b4 $16) 32... h4 (32... Rd2+ $14 33. Kf3 Rd3+ 34. Kf4 h4) 33. Kf3 (33. Qh6 $16 Rxa4 34. Kg1 (34. Qxh7+ Ke8 $16)) 33... Ree4 (33... Rxa4 $11 34. Qc5 Re5) 34. Qh6 Re5 (34... Rxa4 $142 35. Qxh7+ Kf6) 35. Qxh7+ Kf6 36. Qh8+ ({Stronger than} 36. Qxb7 Rd3+ 37. Kf2 Rd2+ 38. Kg1 Re1+ 39. Kh2 Rdd1 40. Qb6+ (40. Qxa6+ $2 {gets mated.} Kg5) 40... Kg7 41. Qc7+ (41. Qxa6 $2 Rh1#) 41... Kg6 42. Qc2+ Kg5 $11) 36... Kf5 37. Qh5+ $1 Kf6 {[%emt 0:00:06] [#]} 38. Qh6+ Kf5 {[%emt 0:00:43] [#]} 39. d6 $1 Red5 40. Qh7+ Ke6 41. Qg6+ (41. Qxb7 $16 Rxd6 42. Ke3) 41... Kd7 $14 42. Ke3 (42. Qg7+ $14 Kxd6 43. Qxb7 Rxa4 44. Qb3) 42... Rxa4 43. Qc2 {[%emt 0:00:41] Some like it hot} Rad4 44. Qc7+ Ke6 45. Qe7+ Kf5 46. Qxb7 Rxd6 47. Qf7+ Ke5 48. Qg7+ Kf5 49. Qf7+ Ke5 {[%emt 0:00:08] ( -> ...Re4+)} 50. Qe7+ Kf5 $1 {[%emt 0:00:13] Blacks defense is rewarded with a draw.   Weighted Error Value: White=0.18 (very precise) /Black=0.18 (very precise) .  Mistake:       	White=4     	Black=4      Inaccurate:     	---       	Black=3      OK:         	White=17    	Black=8      Best:        	White=1     	Black=7      Strong:       	White=2     	Black=1} 1/2-1/2

[Event "WSTCC-65 2024"]
[Site "Krakow"]
[Date "2024.07.07"]
[Round "6.9"]
[White "McGill, Derek"]
[Black "Mortensen, John"]
[Result "1/2-1/2"]
[ECO "A36"]
[WhiteElo "1827"]
[BlackElo "2048"]
[Annotator "RC"]
[PlyCount "106"]
[EventDate "2024.07.01"]
[EventType "team-tourn"]
[EventCountry "POL"]
[SourceTitle "playchess.com"]
[Source "ChessBase"]
[SourceQuality "1"]
[TimeControl "40/5400+30:1800+30"]

1. c4 c5 2. Nc3 Nc6 3. g3 g6 4. Bg2 Bg7 5. e4 e6 6. Nge2 Nge7 7. d3 d6 8. O-O O-O 9. Be3 Nd4 10. Qd2 Re8 11. Rab1 Nec6 12. f4 Bd7 13. g4 f5 14. gxf5 exf5 15. Ng3 Ne7 16. Nce2 Nxe2+ 17. Qxe2 Nc6 18. Qd2 Nd4 19. Ne2 Bc6 20. Bxd4 cxd4 21. Ng3 Qd7 22. Rbe1 Qf7 23. Qa5 b6 24. Qa3 Qd7 25. b4 Rac8 26. Qc1 b5 27. c5 dxc5 28. bxc5 Bf8 29. Rf2 Qe7 30. Rfe2 Qxc5 31. Qxc5 Bxc5 32. exf5 Rxe2 33. Rxe2 Bxg2 34. Kxg2 Bd6 35. Kf3 Kf7 36. Ne4 Be7 37. f6 Bf8 38. Ng5+ Kxf6 39. Nxh7+ Kg7 40. Ng5 Bc5 41. Ne6+ Kf6 42. Nxc5 Rxc5 43. Ke4 Rf5 44. Rf2 Ke6 45. Kxd4 g5 46. Re2+ Kd6 47. fxg5 Rxg5 48. Rf2 Rg4+ 49. Kc3 a5 50. a3 Ra4 51. Kb3 Rd4 52. Rf3 Rh4 53. Rf2 Rd4 1/2-1/2

[Event "WSTCC-65 2024"]
[Site "Krakow"]
[Date "2024.07.07"]
[Round "6.10"]
[White "Vatter, Hans-Joachim"]
[Black "Cocozza, Mario"]
[Result "0-1"]
[ECO "B12"]
[WhiteElo "2214"]
[BlackElo "2206"]
[Annotator "TA"]
[PlyCount "68"]
[EventDate "2024.07.01"]
[EventType "team-tourn"]
[EventCountry "POL"]
[SourceTitle "playchess.com"]
[Source "ChessBase"]
[SourceQuality "1"]
[TimeControl "40/5400+30:1800+30"]

1. e4 c6 2. d4 d5 3. e5 Bf5 4. Nf3 e6 5. Be2 c5 6. Be3 Qb6 7. Nc3 Nc6 8. Na4 Qa5+ 9. c3 c4 10. b4 {[%emt 0:01:04] [#] Weiß hat minimalen Vorteil.} Bxb4 11. cxb4 Nxb4 12. Nc3 (12. Nc5 $1 $11 Nc2+ (12... Nxa2+ $2 {verliert.} 13. Qd2 $18) 13. Kf1 Nxa1 14. Qxa1) 12... Nc2+ $15 13. Kd2 Nxa1 14. Qxa1 b5 {[%emt 0:18:18] [#] ...b4 wäre nun fies.} 15. a3 h6 16. Rc1 Ne7 17. Qb2 Rb8 18. Bd1 Nc6 19. Bc2 (19. Ke1 $17) 19... Bxc2 $19 20. Rxc2 O-O {[%emt 0:00:39] Zielt auf ...b4 ab. Sehr scharf! Schwarz steht aktiver.} 21. Rc1 b4 22. axb4 Rxb4 23. Qa1 Rfb8 24. Qxa5 Nxa5 25. Rc2 (25. Ke2 $17 {kämpft weiter.}) 25... Nc6 26. Kc1 Rb3 {[%emt 0:01:29] Droht ...Nb4 und aus.} 27. Nd2 Ra3 28. Ndb1 Ra1 29. Rb2 Nb4 30. Kd2 {[%emt 0:00:11] Lässt Nd3 nicht zu} Rb6 {[%emt 0:00:15] Und jetzt ...a5 wäre schön.} 31. g3 (31. Ne2 $142) 31... Kf8 (31... a5 $142 32. Ne4 dxe4) 32. Ke2 $2 (32. Ne2 {war nötig.}) 32... Nc6 33. Rxb6 axb6 34. Nd2 Na7 {[%emt 0:00:20] Gewichteter Fehlerwert: Weiß=0.41/Schwarz=0.28 (präzise) .  Fehler:       	Weiß=5     	Schwarz=1     Ungenau:       	Weiß=4     	Schwarz=1     OK:         	Weiß=8     	Schwarz=12    Bester:       	Weiß=2     	Schwarz=3     Brilliant:      	---       	Schwarz=1} 0-1

[Event "WSTCC-65 2024"]
[Site "Krakow"]
[Date "2024.07.07"]
[Round "6.10"]
[White "Smith, Andrew Philip"]
[Black "Soderberg, Per"]
[Result "1/2-1/2"]
[ECO "B95"]
[WhiteElo "2037"]
[BlackElo "2015"]
[Annotator "RC"]
[PlyCount "93"]
[EventDate "2024.07.01"]
[EventType "team-tourn"]
[EventCountry "POL"]
[SourceTitle "playchess.com"]
[Source "ChessBase"]
[SourceQuality "1"]
[TimeControl "40/5400+30:1800+30"]

1. e4 c5 2. Nf3 d6 3. d4 cxd4 4. Nxd4 Nf6 5. Nc3 a6 6. Bg5 e6 7. Be2 Be7 8. O-O Qc7 9. Qd3 Nbd7 10. Rad1 b6 11. Qg3 Bb7 12. f4 Bf8 13. f5 e5 14. Ne6 Qb8 15. Bxf6 gxf6 16. Bh5 Nc5 17. Nxc5 bxc5 18. Be2 Bc6 19. b3 Qb7 20. Bc4 O-O-O 21. Qd3 Bb5 22. Nxb5 axb5 23. Bxb5 Qb6 24. Bc4 h5 25. Kh1 Rh7 26. a3 h4 27. Rb1 Kc7 28. Bd5 Rb8 29. b4 h3 30. g3 Bh6 31. Rb3 Qa7 32. Rd1 cxb4 33. Bc4 Bf8 34. axb4 Qf2 35. Qe2 Qxe2 36. Bxe2 d5 37. exd5 Rxb4 38. Rxb4 Bxb4 39. Kg1 Bc5+ 40. Kf1 Rh8 41. Bf3 Rb8 42. Ke2 Rb4 43. Bh5 Rc4 44. Kd3 Rd4+ 45. Kc3 Rxd1 46. Bxd1 Bg1 47. Bg4 1/2-1/2

[Event "WSTCC-65 2024"]
[Site "Krakow"]
[Date "2024.07.07"]
[Round "6.10"]
[White "Cordes, Steffen"]
[Black "Lohan, Martin"]
[Result "1-0"]
[ECO "C10"]
[WhiteElo "1989"]
[BlackElo "1826"]
[Annotator "NA RC"]
[PlyCount "99"]
[EventDate "2024.07.01"]
[EventType "team-tourn"]
[EventCountry "POL"]
[SourceTitle "playchess.com"]
[Source "ChessBase"]
[SourceQuality "1"]
[TimeControl "40/5400+30:1800+30"]

1. e4 e6 2. d4 d5 3. Nd2 dxe4 4. Nxe4 Nd7 5. Nf3 Ngf6 6. Bg5 Be7 7. Nxf6+ Nxf6 8. Bd3 O-O 9. O-O c5 10. c3 b6 11. Bxf6 Bxf6 12. Be4 Rb8 13. Qd3 g6 14. Rad1 Bb7 15. Rfe1 cxd4 16. Nxd4 Bxd4 17. Qxd4 Qxd4 18. Rxd4 Bxe4 19. Rexe4 Rfd8 20. Kf1 Kf8 21. Ke2 Ke7 22. Ke3 f5 23. Rxd8 Rxd8 24. Rh4 h5 25. Ra4 Rd7 26. f4 Kf6 27. Rd4 Re7 28. Rd6 Rc7 29. Kd3 Ke7 30. Rd4 Kf6 31. c4 Rc6 32. Rd7 a5 33. Kd4 g5 34. g3 gxf4 35. gxf4 Rc8 36. Rd6 Rb8 37. b3 Ke7 38. Ke5 b5 39. Rxe6+ Kd7 40. c5 Rc8 41. Rd6+ Ke7 42. Kd5 Rg8 43. c6 Rg2 44. Rd7+ Ke8 45. Kc5 a4 46. Kxb5 axb3 47. axb3 Rxh2 48. b4 h4 49. Rh7 Kd8 50. Kb6 1-0

[Event "WSTCC-65 2024"]
[Site "Krakow"]
[Date "2024.07.07"]
[Round "6.11"]
[White "Trabattoni, Franco"]
[Black "Kiefer, Gerhard"]
[Result "1/2-1/2"]
[ECO "A48"]
[WhiteElo "2210"]
[BlackElo "2210"]
[Annotator "TA"]
[PlyCount "87"]
[EventDate "2024.07.01"]
[EventType "team-tourn"]
[EventCountry "POL"]
[SourceTitle "playchess.com"]
[Source "ChessBase"]
[SourceQuality "1"]
[TimeControl "40/5400+30:1800+30"]

1. d4 Nf6 2. Nf3 g6 3. Bg5 Bg7 4. Nbd2 O-O 5. e4 d6 6. c3 h6 7. Bh4 c5 8. d5 e6 9. dxe6 Bxe6 10. Be2 Nc6 11. O-O Re8 12. Qc2 g5 13. Bg3 Nh5 (13... Bf5 $5) 14. Bc4 Nxg3 15. hxg3 Qe7 16. Rfe1 Rad8 17. Bd5 Qc7 18. Nc4 Bxd5 19. exd5 Ne7 20. Ne3 {[%emt 0:08:58] White has more active pieces.} b5 21. a4 a6 22. axb5 axb5 23. g4 Qb7 24. Rad1 b4 25. Nc4 (25. g3 $16) 25... bxc3 26. bxc3 Qa6 27. Ne3 Qa5 28. c4 ({White should try} 28. Rc1 $14) 28... Bc3 (28... Qc3 $11) 29. Re2 Rb8 30. Qd3 Bg7 31. Rc1 Qa4 32. Rb1 Rxb1+ 33. Qxb1 Ng6 (33... Ra8 $11 {keeps the balance.}) 34. Ra2 Qb4 35. Qf5 Rb8 36. Ra6 Ne5 37. Nxe5 Qe1+ 38. Nf1 Qxe5 (38... Bxe5 $5 39. Ra7 $8 Rf8 $11) 39. Ne3 Qxf5 40. Nxf5 Rb1+ 41. Kh2 Rb4 42. Kh3 Rxc4 43. Nxd6 (43. Rxd6 $14 Rc2 44. Rc6 (44. Nxh6+ Bxh6 45. Rxh6 Rd2 $11)) 43... Rd4 $11 44. Nf5 {[%csl LRd4,LRh6] Weighted Error Value: White=0.17 (very precise) /Black=0.13 (very precise) .  Mistake:       	White=3     	Black=2      Inaccurate:     	White=6     	Black=5      OK:         	White=14    	Black=14} 1/2-1/2

[Event "WSTCC-65 2024"]
[Site "Krakow"]
[Date "2024.07.07"]
[Round "6.11"]
[White "Hammar, Bengt"]
[Black "Morriss, Pete"]
[Result "1/2-1/2"]
[ECO "B17"]
[WhiteElo "2127"]
[BlackElo "1982"]
[Annotator "RC"]
[PlyCount "82"]
[EventDate "2024.07.01"]
[EventType "team-tourn"]
[EventCountry "POL"]
[SourceTitle "playchess.com"]
[Source "ChessBase"]
[SourceQuality "1"]
[TimeControl "40/5400+30:1800+30"]

1. e4 c6 2. d4 d5 3. Nc3 dxe4 4. Nxe4 Nd7 5. Nf3 Ngf6 6. Nxf6+ Nxf6 7. Bc4 Bf5 8. Bg5 e6 9. Qe2 Be7 10. h3 h6 11. Bf4 Nd5 12. Be5 Qa5+ 13. Kf1 Rg8 14. c3 O-O-O 15. a4 Bd6 16. g3 Qc7 17. Kg2 g5 18. Bd3 Bxd3 19. Qxd3 Bxe5 20. Nxe5 Qxe5 21. dxe5 Nf4+ 22. gxf4 gxf4+ 23. Kf3 Rxd3+ 24. Kxf4 Rd2 25. Ke3 Rxb2 26. Rhg1 Rxg1 27. Rxg1 Rc2 28. Rg7 Rxc3+ 29. Kf4 Rxh3 30. Rxf7 Rh4+ 31. Kg3 Rxa4 32. Re7 Re4 33. f4 a5 34. Rxe6 a4 35. Kf3 Rb4 36. f5 a3 37. f6 Rb1 38. Ke2 Rb2+ 39. Ke3 Rb3+ 40. Ke2 Rb2+ 41. Ke3 Rb3+ 1/2-1/2

[Event "WSTCC-65 2024"]
[Site "Krakow"]
[Date "2024.07.07"]
[Round "6.11"]
[White "McMahon, Frank"]
[Black "Oehlerich, Per"]
[Result "1/2-1/2"]
[ECO "B40"]
[WhiteElo "1818"]
[BlackElo "1959"]
[Annotator "NA RC"]
[PlyCount "20"]
[EventDate "2024.07.01"]
[EventType "team-tourn"]
[EventCountry "POL"]
[SourceTitle "playchess.com"]
[Source "ChessBase"]
[SourceQuality "1"]
[TimeControl "40/5400+30:1800+30"]

1. e4 c5 2. Nf3 e6 3. d4 cxd4 4. c3 dxc3 5. Nxc3 a6 6. Bd3 Nc6 7. O-O Be7 8. Qe2 d6 9. Rd1 Bd7 10. Be3 Ne5 1/2-1/2

[Event "WSTCC-65 2024"]
[Site "Krakow"]
[Date "2024.07.07"]
[Round "6.12"]
[White "Vogel, Robert"]
[Black "Ceschia, Ivano"]
[Result "0-1"]
[ECO "A41"]
[WhiteElo "2085"]
[BlackElo "2180"]
[Annotator "RC"]
[PlyCount "80"]
[EventDate "2024.07.01"]
[EventType "team-tourn"]
[EventCountry "POL"]
[SourceTitle "playchess.com"]
[Source "ChessBase"]
[SourceQuality "1"]
[TimeControl "40/5400+30:1800+30"]

1. d4 d6 2. c4 f5 3. g3 Nf6 4. Bg2 g6 5. Nf3 Bg7 6. O-O O-O 7. b3 Qe8 8. Bb2 c6 9. Nbd2 h6 10. Re1 Ne4 11. Qc2 d5 12. Ne5 g5 13. f3 Nxd2 14. Qxd2 dxc4 15. Nxc4 Nd7 16. e4 f4 17. d5 Bxb2 18. Qxb2 Nf6 19. Rad1 Bd7 20. gxf4 gxf4 21. Kh1 Qh5 22. d6 e6 23. Qe5 Qh4 24. Qd4 Kh7 25. Ne5 Rg8 26. Re2 Rg5 27. Nxd7 Nxd7 28. Qf2 Qh5 29. Ree1 Rag8 30. Rg1 b6 31. Qc2 Ne5 32. Qf2 R8g7 33. Qe2 Qh4 34. Qe1 Rg3 35. Qf2 R7g5 36. Rgf1 Rh5 37. Qxg3 fxg3 38. h3 Qd8 39. f4 Ng4 40. Bf3 Rxh3+ 0-1

[Event "WSTCC-65 2024"]
[Site "Krakow"]
[Date "2024.07.07"]
[Round "6.12"]
[White "Andresen, Hans Jorn"]
[Black "Lynch, Peter J."]
[Result "1/2-1/2"]
[ECO "B50"]
[WhiteElo "1953"]
[BlackElo "1741"]
[Annotator "NA RC"]
[PlyCount "25"]
[EventDate "2024.07.01"]
[EventType "team-tourn"]
[EventCountry "POL"]
[SourceTitle "playchess.com"]
[Source "ChessBase"]
[SourceQuality "1"]
[TimeControl "40/5400+30:1800+30"]

1. e4 c5 2. Nf3 d6 3. c3 Nf6 4. d3 Nc6 5. Be2 g6 6. O-O Bg7 7. h3 O-O 8. Be3 Qb6 9. Qc2 Bd7 10. Na3 Rfc8 11. Nc4 Qc7 12. Bf4 b5 13. e5 1/2-1/2